 Dungeon Crawl Stone Soup version 0.31.0-12-g77e489cdc1 (webtiles) character file.

Game seed: 8178594525789841791

9237 Cheops the Grappler (level 11, -8/69 HPs)
             Began as an Octopode Shapeshifter on Feb 23, 2024.
             Was a High Priest of Okawaru.
             Mangled by a freezing wraith (9 damage)
             ... on level 9 of the Dungeon.
             The game lasted 00:55:49 (10872 turns).

Cheops the Grappler (Octopode Shapeshifter)        Turns: 10872, Time: 00:55:49

Health: -8/69      AC:  1    Str: 17    XL:     11   Next: 43%
Magic:  14/14      EV: 19    Int: 12    God:    Okawaru [*****.]
Gold:   646        SH:  0    Dex: 13    Spells: 10/10 levels left

rFire   x .          .
                       - Unarmed
rCold   + + .        (no shield)
rNeg    . . .        (helmet restricted)
rPois   .            A - amulet of the acrobat
rElec   .            s - +5 ring of evasion
rCorr   .            B - ring of ice
SInv    .            J - ring of ice
Will    .....        K - ring of protection from fire
Stlth   ++           (no ring)
HPRegen 0.31/turn    (no ring)
MPRegen 0.14/turn    (no ring)
                     (no ring)

%: acrobat
@: maw-form, slowed, very slow
A: devouring maw, almost no armour, amphibious, 8 rings, camouflage 1,
gelatinous body 1, (nimble swimmer 1), tentacles
a: Begin Untransformation, Renounce Religion, Heroism, Finesse, Duel


You were on level 9 of the Dungeon.
You worshipped Okawaru.
Okawaru was extremely pleased with you.
You were a creature with a mouth for a stomach.
You visited 2 branches of the dungeon, and saw 11 of its levels.
You also visited: Sewer.

You collected 646 gold pieces.

Inventory:

Hand Weapons
 a - the +11 Singing Sword {sonic wave}
   (You found it on level 4 of the Dungeon)
Jewellery
 s - a +5 ring of evasion (left tentacle)
 z - an amulet of faith
 A - an amulet of the acrobat (around mantle)
 B - a ring of ice (right tentacle)
 C - an amulet of regeneration
 J - a ring of ice (on tentacle)
 K - a ring of protection from fire (on tentacle)
Talismans
 c - a beast talisman
 d - a flux talisman
 e - a maw talisman (active)
Wands
 l - a wand of light (2)
 I - a wand of flame (12)
Scrolls
 h - a scroll of acquirement {unknown}
 i - 3 scrolls of immolation
 o - 4 scrolls of fear
 q - 2 scrolls of teleportation {unknown}
 u - 2 scrolls of noise {unknown}
 v - 4 scrolls of vulnerability {unknown}
 x - a scroll of fog {unknown}
 y - 4 scrolls of brand weapon {unknown}
 D - a scroll of blinking {unknown}
 F - 6 scrolls of poison {unknown}
Potions
 b - 7 potions of heal wounds
 f - 2 potions of magic
 g - 6 potions of curing
 j - 3 potions of haste {unknown}
 k - 3 potions of lignification
 m - 2 potions of cancellation
 n - 4 potions of attraction {unknown}
 p - 2 potions of enlightenment {unknown}
 r - a potion of berserk rage
 t - a potion of brilliance
 w - a potion of resistance
 E - a potion of degeneration {unknown}
 G - a potion of ambrosia
 H - a potion of invisibility


   Skills:
 - Level 4.0 Fighting
 - Level 4.0 Dodging
 + Level 11.7 Unarmed Combat
 - Level 4.0 Invocations
 - Level 2.0 Evocations
 * Level 11.1 Shapeshifting


You had 10 spell levels left.
You didn't know any spells.
Your spell library contained the following spells:

 Spells                   Type           Power      Damage    Failure   Level
 Sandblast                Erth           0%         2d4       32%         1
 Blink                    Tloc           0%         N/A       45%         2
 Ensorcelled Hibernation  Hex/Ice        0%         N/A       45%         2
 Lesser Beckoning         Tloc           0%         N/A       45%         2
 Momentum Strike          Conj/Tloc      0%         3d8       45%         2
 Passwall                 Erth           0%         N/A       69%         3
 Stone Arrow              Conj/Erth      0%         3d7       69%         3
 Swiftness                Air            0%         N/A       69%         3
 Brom's Barrelling Bould  Conj/Erth      0%         2d3       97%         4
 Cause Fear               Hex            0%         N/A       97%         4
 Fireball                 Conj/Fire      0%         3d3       100%        5
 Dragon's Call            Summ           Unusable   N/A       N/A         9

Dungeon Overview and Level Annotations

Branches:
Dungeon (10/15)            Temple (1/1) D:5            Lair (0/5) D:10
  Sewer (visited)
    Orc: D:9-12

Altars:
Cheibriados
Dithmenos
Elyvilon
Fedhas
Gozag
Hepliaklqana
Kikubaaqudgha
Makhleb
Nemelex Xobeh
Okawaru
Qazlal
Ru
Sif Muna
Trog
Uskayaw
Vehumet
Wu Jian
Xom
Yredelemnul
Zin
The Shining One

Annotations:
D:7 2 transporters
D:8 3 runed translucent doors, bronco's ghost, novice MfSh
D:9 Erolcha


Innate Abilities, Weirdness & Mutations

You are a creature with a mouth for a stomach.
Your midsection houses a second, enormous mouth.
You cannot wear most types of armour.
You are amphibious.
You can wear up to eight rings at the same time.
Your skin changes colour to match your surroundings (Stealth+).
Your rubbery body absorbs attacks. (AC +1, EV +1)
((You are camouflaged when in or above water. (Stealth+)))
You have tentacles for arms and can constrict up to eight enemies at once.


Message History

You bite the freezing wraith!
The freezing wraith is severely damaged.
The freezing wraith hits you! The freezing wraith freezes you. You resist.
The freezing wraith hits you!
* * * LOW HITPOINT WARNING * * *
The freezing wraith drains your vigour!
You feel yourself slow down.
Unknown command.
Unknown command.
You tentacle-slap the freezing wraith but do no damage.
You tentacle-slap the freezing wraith, but do no damage.
Your bite misses the freezing wraith.
The freezing wraith is severely damaged.
The freezing wraith hits you!
* * * LOW HITPOINT WARNING * * *
The freezing wraith freezes you. You resist.
* * * LOW HITPOINT WARNING * * *
The freezing wraith barely misses you.
Unknown command.
Unknown command.
Unknown command.
You tentacle-slap the freezing wraith but do no damage.
Your bite misses the freezing wraith.
The freezing wraith is severely damaged.
The freezing wraith misses you. The freezing wraith hits you!
* * * LOW HITPOINT WARNING * * *
Unknown command.
You closely miss the freezing wraith.
You squeeze the freezing wraith, but do no damage.
Your bite misses the freezing wraith.
The freezing wraith is severely damaged.
The freezing wraith completely misses you.
The freezing wraith hits you!
* * * LOW HITPOINT WARNING * * *
The freezing wraith drains your vigour!
You feel as though you will be slow longer.
You bludgeon the freezing wraith!
You bite the freezing wraith, but do no damage.
The freezing wraith is almost destroyed.
The freezing wraith hits you!
You die...

###..#..##
##..#..####.# #.#
#..##..#...#..##..#
#.# #.# ##).#..##
..##..#..###.# #.#
#..##..#
#.$#.(##..##.# #.#
#..#..## $.##..#..##.#
#.# #.##..#
#!.#..##.##.# #.#
#.#..##
#..##..#.##.#####.#
#.#..#
#W.#..#.#.......O.
#...##
#W.##...#......###
#...# ##..#...#......#
#..## #
#..##..#...O..# #..#
.#..##..#..#..<...#
#.##
......(..##.#...(..#
#..
.....##.....#......#
#.#
.........##.#......#
...
...................###
#############.........


You could see a freezing wraith.

Vanquished Creatures
  A centaur warrior (D:9)
  2 two-headed ogres
  A deep elf pyromancer (D:9)
  An ugly thing (D:9)
  A gargoyle (D:9)
  Prince Ribbit (D:7)
  A slime creature (D:9)
  8 yaks (D:10)
  A shadow (D:10)
  A vampire mosquito (D:9)
  Edmund (D:6)
  2 water moccasins (D:8)
  3 ice beasts
  2 orc warriors
  A black bear (D:6)
  A laughing skull (D:9)
  A crocodile (Sewer)
  2 wolves (D:10)
  2 ogres
  4 centaurs
  7 kobold brigands
  Blork the orc (D:6)
  A gnoll sergeant (D:7)
  5 bullfrogs
  6 scorpions
  6 wights
  A hornet simulacrum (D:9)
  4 killer bees (D:9)
  A howler monkey (shapeshifter) (D:9)
  2 bombardier beetles
  4 hounds
  6 orc priests
  A jelly (D:5)
  3 sleepcaps
  8 orc wizards
  16 gnolls
  3 river rats (Sewer)
  10 adders
  3 white imps
  4 ribbon worms
  2 dart slugs
  24 orcs
  10 ball pythons
  9 endoplasms
  3 giant cockroaches
  32 goblins
  28 hobgoblins
  6 jackals
  34 kobolds
  7 quokkas
  11 bats
  3 frilled lizards
  9 rats
307 creatures vanquished.

Vanquished Creatures (others)
  An arcanist (D:3)
  A yak (D:9)
2 creatures vanquished.

Grand Total: 309 creatures vanquished

Notes
Turn   | Place    | Note
-------+----------+-------------------------------------------
     0 | D:1      | Cheops the Octopode Shapeshifter began the quest for the
                  | Orb.
     0 | D:1      | Reached XP level 1. HP: 13/13 MP: 1/1
   212 | D:1      | Reached XP level 2. HP: 18/18 MP: 2/2
   796 | D:2      | Reached XP level 3. HP: 23/23 MP: 3/3
  1230 | D:2      | Found a radiant altar of Vehumet.
  1248 | D:2      | You fall into a shaft and drop 1 floor!
  1430 | D:3      | Reached XP level 4. HP: 17/28 MP: 4/4
  1620 | D:3      | Reached skill level 5 in Unarmed Combat
  2095 | D:3      | Found a bloodstained altar of Trog.
  2096 | D:3      | Noticed a wizard
  2101 | D:3      | Killed a wizard
  2146 | D:3      | Found an ornate altar of the Wu Jian Council.
  2462 | D:4      | Reached XP level 5. HP: 21/33 MP: 5/5
  2555 | D:4      | Reached skill level 5 in Shapeshifting
  2555 | D:4      | Reached XP level 6. HP: 33/38 MP: 6/6
  2583 | D:4      | Found the +11 Singing Sword {sonic wave}
  2612 | D:4      | Reached XP level 7. HP: 35/43 MP: 7/7
  2879 | D:4      | Found a shimmering altar of Xom.
  2944 | D:4      | Noticed a two-headed ogre
  2955 | D:4      | Killed a two-headed ogre
  2956 | D:4      | Reached XP level 8. HP: 26/52 MP: 8/8
  3518 | D:5      | Entered Level 5 of the Dungeon
  3814 | D:5      | Found a glowing drain.
  3818 | Sewer    | Entered a sewer
  4038 | Sewer    | Reached XP level 9. HP: 58/58 MP: 9/9
  4228 | D:5      | Found a staircase to the Ecumenical Temple.
  4256 | D:5      | Found a sacrificial altar of Ru.
  4593 | Temple   | Entered the Ecumenical Temple
  4600 | Temple   | Became a worshipper of Warmaster Okawaru
  4673 | D:6      | Noticed Edmund
  4685 | D:6      | Killed Edmund
  4921 | D:6      | Noticed Blork the orc
  4932 | D:6      | Killed Blork the orc
  5051 | D:6      | Reached * piety under Okawaru
  5470 | D:6      | Found an ancient bone altar of Kikubaaqudgha.
  5644 | D:6      | Found a glowing golden altar of the Shining One.
  5927 | D:7      | Noticed Prince Ribbit
  5932 | D:7      | Killed Prince Ribbit
  5933 | D:7      | Reached skill level 10 in Unarmed Combat
  5989 | D:7      | Found a transporter.
  6219 | D:7      | Found a burning altar of Makhleb.
  6243 | D:7      | Found a shadowy altar of Dithmenos.
  6315 | D:7      | Reached XP level 10. HP: 42/63 MP: 10/10
  6403 | D:7      | Reached ** piety under Okawaru
  6552 | D:7      | Found a transporter.
  6616 | D:7      | Found a hide-covered altar of Uskayaw.
  7364 | D:8      | Found a shimmering blue altar of Sif Muna.
  8276 | D:8      | Found a runed translucent gate.
  8277 | D:8      | Found a runed translucent gate.
  8277 | D:8      | Noticed bronco's ghost (novice MfSh)
  8278 | D:8      | Noticed a kobold demonologist
  8278 | D:8      | Found a runed translucent gate.
  8350 | D:9      | Found a glowing silver altar of Zin.
  8351 | D:9      | Noticed an angel
  8402 | D:9      | Noticed a two-headed ogre
  8424 | D:9      | Killed a two-headed ogre
  8424 | D:9      | Reached *** piety under Okawaru
  8456 | D:9      | Noticed a deep elf pyromancer
  8478 | D:9      | Killed a deep elf pyromancer
  8503 | D:9      | Noticed a purple ugly thing
  8694 | D:9      | Noticed Erolcha
  8906 | D:10     | Entered Level 10 of the Dungeon
  8906 | D:10     | Found a snail-covered altar of Cheibriados.
  8920 | D:10     | Reached **** piety under Okawaru
  8937 | D:10     | Reached skill level 10 in Shapeshifting
  8947 | D:10     | Reached XP level 11. HP: 32/69 MP: 14/14
  9164 | D:10     | Found a staircase to the Lair.
 10187 | D:10     | Found a sparkling altar of Nemelex Xobeh.
 10607 | D:9      | Noticed a centaur warrior
 10622 | D:9      | Killed a centaur warrior
 10622 | D:9      | Reached ***** piety under Okawaru
 10812 | D:9      | Killed a purple ugly thing
 10871 | D:9      | HP: 1/69 [freezing wraith (13)]
 10872 | D:9      | Mangled by a freezing wraith

Illustrated notes

Levels and vault maps discovered:
D:1:      roderic_lyre, layout_basic
D:2:      layout_loops_corners, basic_altar
D:3:      minmay_goblin_kobold_castle, layout_basic, trog_wizard,
          mainiacjoe_overflow_catwalk, kennysheep_cross_room
D:4:      old_forge, layout_basic, regret_index_xom_buried_treasure,
          minmay_starry_boxes
D:5:      layout_basic, mainiacjoe_overflow_six_doors_small,
          minmay_temple_entry_waves, gup_sewer_entry_spiral
D:6:      layout_basic, lemuel_round_altar, kennysheep_mini_moat,
          dk_noncrumbling_4, uniq_edmund, uniq_blork_the_orc
D:7:      gammafunk_cloud_chamber, layout_basic, mainiacjoe_overflow_big_doors,
          nicolae_overflow_crystal_walls, serial_bayou_pond_e,
          uniq_prince_ribbit1
D:8:      layout_rooms, mainiacjoe_overflow_tiny_flanked,
          gammafunk_ghost_nasty_kobolds, serial_library_hellmonk_reading_circle
D:9:      minmay_tri_box, layout_small_grid, zin_angel,
          mainiacjoe_overflow_boulevard, minmay_bent, uniq_pikel, uniq_erolcha
D:10:     layout_cave_pods, mainiacjoe_overflow_alcove_4,
          mainiacjoe_overflow_small_starburst, erik_lair_orcish_takeover
Temple:   nicolae_temple_bog_church

Skill      XL: |  1  2  3  4  5  6  7  8  9 10 11 |
---------------+----------------------------------+-----
Unarmed Combat | 4 5 7 10 11 | 11.7
Shapeshifting  | 4 5 6 7 10 11 | 11.1
Evocations     | 2 |  2.0
Dodging        | 4 |  4.0
Fighting       | 3 4 |  4.0
Invocations    | 4 |  4.0

Action                     |  1- 3 |  4- 6 |  7- 9 | 10-12 || total
---------------------------+-------+-------+-------+-------++-------
  Melee: Unarmed           |    64 |    83 |   271 |   321 ||   739
         Constrict         |    20 |    26 |    69 |    73 ||   188
         Tentacles         |    11 |    20 |    76 |    93 ||   200
         Punch             |     2 |     4 |       |     5 ||    11
         Maw               |       |       |       |    16 ||    16
Ability: Begin Untransform |     1 |     1 |     3 |     5 ||    10
  Evoke: Wand              |       |       |     5 |     4 ||     9
    Use: Scroll            |       |     2 |     5 |     3 ||    10
         Potion            |       |       |       |     2 ||     2
   Stab: Sleeping          |     5 |     4 |     3 |       ||    12
         Invisible         |       |       |       |     1 ||     1
 Armour: Skin              |    22 |    38 |    58 |   107 ||   225
  Dodge: Dodged            |    23 |    73 |   174 |   298 ||   568
   Form: Beast             |     1 |     1 |     1 |       ||     3
         Flux              |       |       |     5 |     5 ||    10
         Maw               |       |       |     1 |     1 ||     2
